 Dungeon Sprint DCSS version 0.30.1-11-g7821555f0a (webtiles) character file.

Game seed: 6528756997485030079

4428 CrazyBamboolord the Unseen (level 10, -9/51 HPs)
             Began as a Felid Enchanter on Nov 28, 2023.
             Was the Champion of Dithmenos.
             Killed from afar by a fire giant (50 damage)
             ... with a bolt of fire
             ... in the Dungeon (Sprint I: "Red Sonja").
             The game lasted 00:20:50 (3167 turns).

CrazyBamboolord the Unseen (Felid Enchanter)        Turns: 3167, Time: 00:20:51

Health: -9/51      AC:  2    Str:  4    XL:     10   Next: 14%
Magic:  16/23      EV: 33    Int: 16    God:    Dithmenos [******]
Gold:   625        SH:  0    Dex: 26    Spells: 3/26 levels left
                                        Lives:  0   Deaths: 3

rFire   . .          .
                       - Unarmed
rCold   + . .        (shield unavailable)
rNeg    . . .        (body armour unavailable)
rPois   +            (helmet unavailable)
rElec   .            (cloak unavailable)
rCorr   .            (gloves unavailable)
SInv    +            (boots unavailable)
Will    +....        s - amulet of Voxunyfe {rPois Regen+ Dex+4} Stlth ******++++
                     i - ring of protection from cold
HPRegen 1.08/turn    t - ring of wizardry
MPRegen 0.18/turn

%: no teleportation, wizardry (x1)
@: wreathed by umbra, quick
A: very small, claws 1, fangs 3, see invisible, speed 1, shaggy fur 2, stealthy
paws, no weapons or thrown items, no armour, multi-lived
a: Renounce Religion, Shadow Step, Shadow Form


You were in the Dungeon.
You worshipped Dithmenos.
Dithmenos was exalted by your worship.
You visited 1 branch You collected 3239 gold pieces.
You spent 2614 gold pieces at shops.

Inventory:

Jewellery
 i - a ring of protection from cold (left paw)
 s - the amulet of Voxunyfe (around neck) {rPois Regen+ Dex+4}
   (You bought it in a shop in the Dungeon)

   [amulet of regeneration]

   Dex:       It affects your dexterity (+4).
   rPois:     It protects you from poison.
   Regen:     It increases your rate of health regeneration.
 t - a ring of wizardry (right paw)
Wands
 h - a wand of charming (14) (quivered)
Scrolls
 a - a scroll of enchant weapon
 d - a scroll of magic mapping
 g - 2 scrolls of blinking
 k - a scroll of fear
 l - 2 scrolls of silence
 o - a scroll of vulnerability {unknown}
 p - a scroll of poison {unknown}
 x - a scroll of torment {unknown}
Potions
 b - 3 potions of curing
 c - 3 potions of heal wounds
 e - 2 potions of magic
 f - a potion of attraction
 j - a potion of mutation
 m - 3 potions of haste
 n - 2 potions of might
 q - a potion of brilliance
 r - a potion of degeneration {unknown}
 u - a potion of cancellation {unknown}
 w - 3 potions of lignification


   Skills:
 + Level 10.5 Fighting
 + Level 13.7 Dodging
 * Level 20.6 Stealth
 + Level 10.7 Unarmed Combat
 * Level 8.7 Spellcasting
 * Level 14.4 Hexes
 * Level 6.4 Necromancy
 - Level 5.0 Ice Magic
 + Level 9.1 Invocations
 - Level 6.0 Evocations


You had 3 spell levels left.
You knew the following spells:

 Your Spells              Type           Power      Damage    Failure   Level
a - Confusing Touch       Hex            52%        N/A       1%          3
b - Tukima's Dance        Hex            52%        N/A       1%          3
c - Ensorcelled Hibernat  Hex/Ice        76%        N/A       1%          2
d - Cause Fear            Hex            26%        N/A       1%          4
e - Anguish               Hex/Necr       20%        N/A       1%          4
f - Enfeeble              Hex            26%        N/A       10%         7

Your spell library contained the following spells:

 Spells                   Type           Power      Damage    Failure   Level
 Dazzling Flash           Conj/Hex       60%        N/A       1%          3


Dungeon Overview and Level Annotations

Branches:
Dungeon (1/1)

Altars:
Cheibriados
Dithmenos
Elyvilon
Fedhas
Gozag
Hepliaklqana
Kikubaaqudgha
Makhleb
Nemelex Xobeh
Okawaru
Qazlal
Ru
Sif Muna
Trog
Uskayaw
Vehumet
Wu Jian
Xom
Yredelemnul
Zin
The Shining One
Jiyva
Lugonu

Shops:
D (*:?(*?=:=![:![[(


Innate Abilities, Weirdness & Mutations

You have sharp claws.
You have razor-sharp teeth.
You have supernaturally acute eyesight. (SInv)
You cover ground quickly. (Speed+)
You are covered in thick fur. (AC +2)
Your paws help you pounce on unaware monsters.
You are incapable of wielding weapons or throwing items.
You cannot wear armour.
You gain extra lives every three experience levels.


Message History

The fire giant shouts!
The fire giant easily resists.
The fire giant resists with almost no effort.
The fire giant casts a spell at you.
The fireball explodes!
The fireball engulfs you!!
You emit a cloud of dark smoke.
Unknown command.
Unknown command.
You start resting.
As you read the scroll of summoning, it crumbles to dust.
Wisps of shadow whirl around you... The fire giant casts a spell at you.
The bolt of fire hits your bat!!!
Your bat dies!
Your bat's corpse dissolves into shadows!
The bolt of fire misses you.
Casting: Anguish (dangerous; 1% risk of failure)
Confirm with . or Enter, or press ? or * to list all spells.
Casting: Anguish (dangerous; 1% risk of failure)
Press: ? - help, Dir - look around, f - activate The fire giant is haunted by guilt! x2
Your hobgoblin hits the fire giant but does no damage.
The fire giant hits your hobgoblin with a +0 great sword of flaming!
The fire giant burns your hobgoblin.
Your hobgoblin dies!
Your hobgoblin's corpse dissolves into shadows!
The fire giant is wracked by anguish.
The fire giant shouts!
You swap places.
The fire giant points at you and mumbles some strange words.
The bolt of fire hits the fire giant!
The fire giant resists.
The bolt of fire hits your goblin!!!
Your goblin dies!
Your goblin's corpse dissolves into shadows!
The bolt of fire hits your gnoll!!
Your gnoll dies!
Your gnoll's corpse dissolves into shadows!
The bolt of fire hits you!!!
Ouch! That really hurt!
You die...

#.°°°°'.....##.#A#.#,,~,,*,****+*
###○)°#.....#..###.#,,~,**+*,,,,*
§.#.°°###''##.##...#,,~**,,,,,,,,
#§#..###..###..#+###,,~*,,,,,,,,,
#.#..####..###...#,~,,**,,,,,,,,,
#.##'#..#.§#.###.#,~,,*,,,,,,,,,,
#§##)#.§°.§○...#.#**,,*,,,,,,,,,,
§.####..§..○○..#.#,+,,**,,,,,,,,,
#§#..'...○°.####@#,**'**,,,,,,,,,
#§#####...###....#^*~~~**,,,,,,,,
§§#($$#####.C.####,*~~~~**,,,,,,*
###?.C.§§§C.###,,,,*~~~~~********
*,)[C..§#####^,,,****~~~~*~~~~~*,
*,(..C.**,,,,,,,,*,,*+~~~'~~,~~',
*,....**,,,^,,,,,*,,,**~~*~~~~~*~
*,$$$,*,,,^^,,,,,*,,,,******'****
**##*******^,,,,,*,,,,*~~~~~~~~~~


You could see 2 fire giants.

Vanquished Creatures
  A fire giant (D)
  A lorocyproca (D)
  A hydra (D)
  2 centaur warriors (D)
  Sonja (D)
  A deep troll (D)
  A lindwurm (D)
  An oklob plant (D)
  4 demonic crawlers (D)
  7 unseen horrors (D)
  A gargoyle (D)
  2 kobold demonologists (D)
  A hornet (D)
  A slime creature (D)
  Sigmund (D)
  A yak (D)
  13 hogs (D)
  2 redbacks (D)
  3 floating eyes (D)
  An ogre (D)
  7 necrophages (D)
  8 jellies (D)
  Ijyb (D)
62 creatures vanquished.

Vanquished Creatures (others)
  2 ballistomycete spores (D)
2 creatures vanquished.

Grand Total: 64 creatures vanquished

Notes
Turn   | Place    | Note
-------+----------+-------------------------------------------
     0 | D        | CrazyBamboolord the Felid Enchanter began the quest for the
                  | Orb.
     0 | D        | Reached XP level 1. HP: 7/7 MP: 4/4
     2 | D        | Noticed Ijyb
    16 | D        | Killed Ijyb
    17 | D        | Reached skill level 1 in Fighting
    17 | D        | Reached skill level 5 in Stealth
    17 | D        | Reached XP level 2. HP: 10/12 MP: 4/6
    19 | D        | Noticed an ogre
    25 | D        | Killed an ogre
    26 | D        | Reached skill level 5 in Dodging
    26 | D        | Reached skill level 7 in Stealth
    26 | D        | Reached XP level 3. HP: 16/16 MP: 4/8
    26 | D        | Reached XP level 4. HP: 20/20 MP: 5/10
    27 | D        | Noticed Sigmund
    30 | D        | Killed Sigmund
    31 | D        | Reached skill level 9 in Stealth
    31 | D        | Reached XP level 5. HP: 25/25 MP: 6/12
    62 | D        | Learned a level 3 spell: Confusing Touch
    66 | D        | Learned a level 3 spell: Tukima's Dance
    69 | D        | Learned a level 2 spell: Ensorcelled Hibernation
    79 | D        | Found an ornate altar of the Wu Jian Council.
    79 | D        | Found a shimmering blue altar of Sif Muna.
    81 | D        | Found a radiant altar of Vehumet.
    86 | D        | Reached skill level 10 in Hexes
    86 | D        | Gained mutation: You are covered in thick fur. (AC +2)
                  | [Felid growth]
    86 | D        | Reached XP level 6. HP: 28/28 MP: 13/13
   111 | D        | Found Basamy's General Store.
   111 | D        | Found an ancient bone altar of Kikubaaqudgha.
   111 | D        | Found a hazy altar of Hepliaklqana.
   111 | D        | Found a stormy altar of Qazlal.
   111 | D        | Found a hide-covered altar of Uskayaw.
   111 | D        | Found a blossoming altar of Fedhas.
   111 | D        | Found a bloodstained altar of Trog.
   111 | D        | Found an iron altar of Okawaru.
   111 | D        | Found a basalt altar of Yredelemnul.
   111 | D        | Found a glowing golden altar of the Shining One.
   111 | D        | Found a snail-covered altar of Cheibriados.
   111 | D        | Found a sacrificial altar of Ru.
   111 | D        | Found a glowing silver altar of Zin.
   111 | D        | Found a shadowy altar of Dithmenos.
   111 | D        | Found a white marble altar of Elyvilon.
   111 | D        | Noticed a yak
   112 | D        | Found an opulent altar of Gozag.
   113 | D        | Killed a yak
   114 | D        | Reached skill level 10 in Stealth
   114 | D        | Reached skill level 5 in Unarmed Combat
   114 | D        | Found a sparkling altar of Nemelex Xobeh.
   118 | D        | Bought a potion of curing for 30 gold pieces
   121 | D        | Became a worshipper of Dithmenos the Shadowed
   129 | D        | Noticed Sonja
   133 | D        | Killed Sonja
   134 | D        | Reached skill level 12 in Stealth
   134 | D        | Reached skill level 5 in Spellcasting
   134 | D        | Reached XP level 7. HP: 34/34 MP: 14/16
   236 | D        | Noticed a deep troll
   243 | D        | Found Canet's Antique Weapon Boutique.
   275 | D        | Found a viscous altar of Jiyva.
   275 | D        | Found a corrupted altar of Lugonu.
   275 | D        | Noticed a slime creature
   276 | D        | Found a burning altar of Makhleb.
   276 | D        | Found a shimmering altar of Xom.
   289 | D        | Killed a slime creature
   290 | D        | Reached skill level 13 in Stealth
   290 | D        | Reached XP level 8. HP: 11/39 MP: 16/18
   410 | D        | Killed a deep troll
   410 | D        | Reached * piety under Dithmenos
   411 | D        | Reached skill level 14 in Stealth
   422 | D        | Found Tacyjupn's Armour Emporium.
   441 | D        | Noticed a centaur warrior
   441 | D        | Noticed a centaur warrior
   451 | D        | Killed a centaur warrior
   452 | D        | Reached skill level 10 in Dodging
   452 | D        | Reached skill level 15 in Stealth
   452 | D        | Reached skill level 5 in Ice Magic
   452 | D        | Reached skill level 5 in Invocations
   452 | D        | Reached XP level 9. HP: 43/43 MP: 19/19
   457 | D        | Killed a centaur warrior
   458 | D        | Reached skill level 16 in Stealth
   542 | D        | Reached ** piety under Dithmenos
   553 | D        | Noticed an oklob plant
   942 | D        | HP: 2/44 [oklob plant/splash of acid (25)]
  1104 | D        | Killed from afar by an oklob plant
  1105 | D        | Reached XP level 8. HP: -4/40 MP: 18/18
  1205 | D        | Noticed a kobold demonologist
  1206 | D        | Noticed a kobold demonologist
  1211 | D        | Noticed a sixfirhy
  1214 | D        | Noticed an orange demon
  1215 | D        | Killed a kobold demonologist
  1216 | D        | Reached skill level 17 in Stealth
  1216 | D        | Reached skill level 1 in Evocations
  1218 | D        | Killed a kobold demonologist
  1218 | D        | Reached *** piety under Dithmenos
  1219 | D        | Reached XP level 9. HP: 18/45 MP: 12/19
  1351 | D        | Killed an oklob plant
  1461 | D        | Noticed an unseen horror
  1462 | D        | Noticed an unseen horror
  1468 | D        | Killed an unseen horror
  1468 | D        | Reached **** piety under Dithmenos
  1469 | D        | Reached skill level 18 in Stealth
  1470 | D        | Killed an unseen horror
  1510 | D        | Reached ***** piety under Dithmenos
  1673 | D        | Found Hoodegu's Magic Scroll Shoppe.
  1673 | D        | Found Filonwad's Distillery.
  1675 | D        | Reached XP level 10. HP: 49/49 MP: 20/20
  1675 | D        | Found Loczuk Qyly's Weapon Boutique.
  1675 | D        | Found Xeckefonn's Armour Emporium.
  1676 | D        | Found Qecoca's Antique Weapon Emporium.
  1680 | D        | Reached ****** piety under Dithmenos
  1698 | D        | Found Pujetrac's Book Shop.
  1703 | D        | Found Voidalea's Book Boutique.
  1703 | D        | Found Sianicwa's Armour Shoppe.
  1703 | D        | Found Rudir's Distillery.
  1703 | D        | Found Baip's Jewellery Emporium.
  1703 | D        | Found Xiajouco's Book Boutique.
  1703 | D        | Found Yjopouf's Jewellery Shoppe.
  1703 | D        | Found Vihohal's Magic Scroll Shop.
  1706 | D        | Found Jesocler's Assorted Antiques.
  1727 | D        | Bought a potion of heal wounds for 50 gold pieces
  1727 | D        | Bought a potion of haste for 100 gold pieces
  1730 | D        | Bought a potion of might for 52 gold pieces
  1730 | D        | Bought a potion of might for 52 gold pieces
  1732 | D        | Bought a book of Hexes for 432 gold pieces
  1737 | D        | Learned a level 4 spell: Cause Fear
  1740 | D        | Bought a potion of haste for 240 gold pieces
  1740 | D        | Bought a scroll labelled LEFEC GATHRO for 24 gold pieces
  1740 | D        | Bought a scroll labelled RUCWUO ABRASYS for 24 gold pieces
  1740 | D        | Bought a pink potion for 21 gold pieces
  1740 | D        | Bought a metallic emerald potion for 21 gold pieces
  1742 | D        | Bought a scroll of blinking for 97 gold pieces
  1744 | D        | Bought a scroll of fog for 52 gold pieces
  1747 | D        | Bought a ring of wizardry for 420 gold pieces
  1796 | D        | Noticed a demonic crawler
  1796 | D        | Noticed a demonic crawler
  1796 | D        | Noticed a demonic crawler
  1796 | D        | Noticed a demonic crawler
  1798 | D        | Killed a demonic crawler
  1799 | D        | Reached skill level 1 in Necromancy
  1799 | D        | Killed a demonic crawler
  1800 | D        | Reached skill level 5 in Evocations
  1801 | D        | Killed a demonic crawler
  1802 | D        | Reached skill level 19 in Stealth
  1802 | D        | Killed a demonic crawler
  1848 | D        | Bought a scroll of magic mapping for 90 gold pieces
  1908 | D        | Noticed a lindwurm
  1911 | D        | Killed a lindwurm
  1912 | D        | Reached skill level 10 in Unarmed Combat
  1964 | D        | Reached skill level 10 in Fighting
  1971 | D        | Slain by a hog
  1972 | D        | Reached XP level 9. HP: -2/46 MP: 21/21
  2005 | D        | Reached XP level 10. HP: 43/51 MP: 22/22
  2040 | D        | Noticed a 12-headed hydra
  2042 | D        | Killed a 12-headed hydra
  2099 | D        | Learned a level 4 spell: Anguish
  2101 | D        | Noticed a gargoyle
  2104 | D        | Killed a gargoyle
  2105 | D        | Reached skill level 5 in Necromancy
  2570 | D        | Noticed a lorocyproca
  2579 | D        | Killed a lorocyproca
  2580 | D        | Reached skill level 20 in Stealth
  2900 | D        | Bought the amulet of Voxunyfe {rPois Regen+ Dex+4} for 545
                  | gold pieces
  2911 | D        | Bought a scroll of summoning for 123 gold pieces
  2913 | D        | Bought a scroll of identify for 26 gold pieces
  2913 | D        | Bought a scroll of identify for 26 gold pieces
  2918 | D        | Bought a scroll of identify for 24 gold pieces
  2918 | D        | Bought a scroll of identify for 24 gold pieces
  2918 | D        | Bought a scroll of identify for 24 gold pieces
  2925 | D        | Bought 2 potions of lignification for 78 gold pieces
  2925 | D        | Bought a potion of lignification for 39 gold pieces
  2985 | D        | Noticed a daeva
  3030 | D        | Killed from afar by a daeva
  3031 | D        | Reached XP level 9. HP: -9/47 MP: 22/22
  3142 | D        | Learned a level 7 spell: Enfeeble
  3148 | D        | Noticed a fire giant
  3151 | D        | Noticed a fire giant
  3152 | D        | Noticed a fire giant
  3153 | D        | Noticed a fire giant
  3155 | D        | Killed a fire giant
  3156 | D        | Reached XP level 10. HP: 51/51 MP: 23/23
  3167 | D        | Killed from afar by a fire giant

Illustrated notes

Levels and vault maps discovered:
D:        dungeon_sprint_1 [red_sonja_temple_1, red_sonja_temple_small_1]

Skill      XL: |  1  2  3  4  5  6  7  8  9 10 |
---------------+-------------------------------+-----
Fighting       | 1 2 4 6 7 9 10 | 10.5
Dodging        | 3 5 6 8 10 12 13 | 13.7
Stealth        | 5 7 9 12 13 17 18 20 | 20.6
Unarmed Combat | 2 3 4 6 7 9 10 | 10.7
Hexes          | 6 7 9 10 11 14 | 14.4
Spellcasting   | 3 4 5 6 8 |  8.7
Ice Magic      | 3 4 5 |  5.0
Invocations    | 3 5 7 9 |  9.1
Evocations     | 2 4 6 |  6.0
Necromancy     | 6 |  6.4

Action                     |  1- 3 |  4- 6 |  7- 9 | 10-12 || total
---------------------------+-------+-------+-------+-------++-------
  Melee: Unarmed           |    15 |     4 |   109 |    63 ||   191
         Bite              |     3 |       |    24 |     7 ||    34
         Punch             |       |       |     9 |     4 ||    13
   Cast: Ensorcelled Hiber |       |       |     3 |       ||     3
         Confusing Touch   |       |       |     1 |       ||     1
         Anguish           |       |       |       |     2 ||     2
  Evoke: Wand              |       |       |     7 |       ||     7
    Use: Potion            |     1 |       |     5 |       ||     6
         Scroll            |       |       |     2 |     8 ||    10
   Stab: Invisible         |     3 |       |     2 |       ||     5
         Sleeping          |     2 |     4 |    15 |    19 ||    40
 Armour: Skin              |       |       |     6 |     1 ||     7
  Dodge: Dodged            |     8 |       |    89 |    41 ||   138
